 Dungeon Crawl Stone Soup version 0.22.1-1-ga44c0e5 (webtiles) character file.

56 WiggleWoom the Magician (level 3, 0/31 HPs)
             Began as a Troll Wizard on Sept 20, 2018.
             Slain by an adder (3 damage)
             ... on level 2 of the Dungeon.
             The game lasted 00:03:50 (1001 turns).

WiggleWoom the Magician (Troll Wizard)              Turns: 1001, Time: 00:03:50

Health: 0/31       AC:  5    Str: 15    XL:     3   Next: 69%
Magic:  5/5        EV:  9    Int: 20    God:
Gold:   62         SH:  0    Dex:  8    Spells: 4/7 levels left

rFire    . . .     SeeInvis .     - Unarmed
rCold    . . .     Gourm    +   (no shield)
rNeg     . . .     Faith    .   a - +0 robe
rPois    .         Spirit   .   b - +0 hat
rElec    .         Reflect  .   (no cloak)
rCorr    .         Harm     .   (gloves unavailable)
MR       .....                  (boots unavailable)
Stlth    +.........             (no amulet)
HPRegen  0.50/turn              (no ring)
MPRegen  0.09/turn              (no ring)

@: brilliant
A: large, unfitting armour, claws 3, fast metabolism 3, gourmand, regeneration
1, shaggy fur 1, tough skin 2
a: no special abilities


You were on level 2 of the Dungeon.
You were completely stuffed.

You visited 1 branch of the dungeon, and saw 2 of its levels.

You collected 62 gold pieces.

Inventory:

Armour
 a - a +0 robe (worn)
 b - a +0 hat (worn)
Jewellery
 g - an uncursed ring of ice
Scrolls
 j - a scroll of blinking {unknown}
 k - a scroll of teleportation {unknown}
Potions
 c - a potion of degeneration {unknown}
 e - a potion of brilliance
 h - a potion of heal wounds {unknown}
 i - 2 potions of curing {unknown}
 l - a potion of ambrosia {unknown}
Comestibles
 d - 3 rations
 f - 5 chunks of flesh


   Skills:
 + Level 0.2 Fighting
 - Level 1.5 Dodging
 - Level 1.0 Stealth
 + Level 1.2 Unarmed Combat
 + Level 2.6 Spellcasting
 - Level 0.6 Conjurations
   Level 0.6 Summonings
 * Level 1.1 Translocations


You had 4 spell levels left.
You knew the following spells:

 Your Spells              Type           Power        Failure   Level  Hunger
a - Magic Dart            Conj           ###.         1%          1    None
b - Blink                 Tloc           N/A          1%          2    ##.....

Your spell library contained the following spells:

 Spells                   Type           Power        Failure   Level  Hunger
 Call Imp                 Summ           ###.....     2%          2    ##.....
 Slow                     Hex            ##......     2%          2    ##.....
 Conjure Flame            Conj/Fire      ###.....     4%          3    ###....
 Mephitic Cloud           Conj/Pois/Air  ###.....     4%          3    ###....


Dungeon Overview and Level Annotations

Branches:
Dungeon (2/15)

Altars:


Innate Abilities, Weirdness & Mutations

You are too large for most types of armour.
You have claws for hands.
Your metabolism is lightning-fast.
You like to eat raw meat.
Your natural rate of healing is unusually fast.
You are covered in fur. (AC +1)
You have very tough skin. (AC +2)


Message History

You miss the adder. The bat hits you. The bat barely misses you.
The goblin hits you. The kobold hits you but does no damage.
The adder bites you.
You closely miss the adder. The bat closely misses you. The goblin hits you.
The adder closely misses you. The kobold hits you but does no damage.
You scratch the adder.
The adder is lightly wounded.
The bat hits you but does no damage. The adder bites you but does no damage.
The goblin hits you but does no damage. The kobold hits you with a whip.
* * * LOW HITPOINT WARNING * * *
The adder bites you.
* * * LOW HITPOINT WARNING * * *
The bat hits you but does no damage. The goblin hits you but does no damage.
Found a scroll labeled SOPRETURIJ.
It was a potion of brilliance.
You feel clever all of a sudden. The bat hits you.
* * * LOW HITPOINT WARNING * * *
The goblin hits you but does no damage. The adder bites you.
You die...

#...........# .#
.##...........##.###
...................# ..
...............(...# ##.
..<................# ..
........!......#..# #.#
...?...........##.##..#
......)Sb..##........##
.......g@..###.####...###
....w##K.#.....##..รท.....
.... ........#....#.####.
...........#....###.# #.
...........##....##.### #
............#.....#...###
............>...........
.?#..............###....
....................


You could see an adder, a dart slug, a goblin, a bat and a kobold.

Vanquished Creatures
  An adder (D:2)
  A dart slug (D:2)
  3 leopard geckos (D:1)
  An orc (D:2)
  2 bats (D:1)
  3 giant cockroaches
  2 goblins (D:1)
  5 hobgoblins (D:1)
  6 jackals (D:1)
  3 kobolds
  A quokka (D:2)
  2 ball pythons (D:1)
  2 frilled lizards
  4 rats
36 creatures vanquished.

Notes
Turn   | Place    | Note
-------+----------+-------------------------------------------
     0 | D:1      | WiggleWoom the Troll Wizard began the quest for the Orb.
     0 | D:1      | Reached XP level 1. HP: 16/16 MP: 2/2
   206 | D:1      | Reached XP level 2. HP: 24/24 MP: 4/4
   213 | D:1      | Learned a level 2 spell: Blink
   556 | D:1      | Reached XP level 3. HP: 31/31 MP: 2/5
   564 | D:1      | Reached skill level 1 in Translocations
   912 | D:2      | Reached skill level 1 in Unarmed Combat
  1001 | D:2      | Slain by an adder

Skill      XL: |  1  2  3 |
---------------+----------+-----
Translocations | 1 |  1.1
Unarmed Combat | 1 |  1.2
Fighting       | |  0.2
Dodging        | |  1.5
Stealth        | |  1.0
Spellcasting   | |  2.6
Conjurations   | |  0.6
Summonings     | |  0.6

Action                   || total
-------------------------++-------
Melee: Unarmed           ||   131
 Cast: Magic Dart        ||    19
  Use: Potion            ||     1
 Stab: Sleeping          ||     2
  Eat: Chunk             ||    15
Armor: Robe              ||    49
Dodge: Dodged            ||    83
